 Dungeon Crawl Stone Soup version 0.31-a0-221-gbddc013574 (webtiles) character file.

Game seed: 11678979142389353545

4920 qw the Cleaver (level 10, -8/65 HPs)
             Began as a Gargoyle Fighter on July 3, 2023.
             Was a Priest of Okawaru.
             Killed from afar by an acid dragon (17 damage)
             ... with a splash of acid
             ... on level 8 of the Dungeon.
             The game lasted 00:04:13 (7778 turns).

qw the Cleaver (Gargoyle Fighter)                   Turns: 7778, Time: 00:04:14

Health: -8/65      AC: 29    Str: 25    XL:     10   Next: 51%
Magic:  12/13      EV:  9    Int:  8    God:    Okawaru [***...]
Gold:   410        SH:  6    Dex:  9    Spells: 9/9 levels left

rFire   . . .        Y - +3 war axe
rCold   . . .        c - +0 buckler
rNeg    + . .        m - +0 plate armour
rPois   inf          n - +0 helmet
rElec   +            s - +0 cloak
rCorr   .            l - +0 pair of gloves
SInv    .            (no boots)
Will    +....        r - amulet of faith Stlth
                     t - ring of willpower
HPRegen 0.30/turn    (no ring)
MPRegen 0.13/turn

%: faith
@: about to teleport, heroic
A: sickness immunity, AC +7, negative energy resistance 1, electricity
resistance, torment resistance 1, petrification resistance, iridescent scales 1,
MP-powered wands
a: Renounce Religion, Heroism


You were on level 8 of the Dungeon.
You worshipped Okawaru.
Okawaru was most pleased with you.
You visited 2 branches of the dungeon, and saw 9 of its levels.
You also visited: Sewer and Ossuary.

You collected 500 gold pieces.
You spent 90 gold pieces at shops.


Innate Abilities, Weirdness & Mutations

You are immune to sickness and miasma.
Your stone body is resilient. (AC +7)
You are immune to poison.
You resist negative energy. (rN+)
You are resistant to electric shocks. (rElec)
You are resistant to unholy torment.
You are immune to petrification.
You are partially covered in iridescent scales. (AC +2)
You expend magic power (3 MP) to strengthen your wands.


   Skills:
 - Level 8.4(13.4) Fighting
 + Level 10.0(15.0) Axes
 - Level 7.1(12.1) Armour
 - Level 1.1(6.1) Dodging
 - Level 5.4(10.4) Shields
 - Level 4.0 Invocations


You had 9 spell levels left.
You didn't know any spells.
Your spell library was empty.

Inventory:

Hand Weapons
 k - a +2 morningstar of protection
 Y - a +3 war axe (weapon)
Armour
 c - a +0 buckler (worn)
 l - a +0 pair of gloves (worn)
 m - a +0 plate armour (worn)
 n - a +0 helmet (worn)
 s - a +0 cloak (worn)
Jewellery
 q - an amulet of regeneration
 r - an amulet of faith (around neck)
 t - a ring of willpower (left hand)
Wands
 h - a wand of digging (2)
Scrolls
 o - 3 scrolls of identify
 v - a scroll of amnesia {unknown}
Potions
 b - a potion of attraction
 d - 2 potions of might
 e - 5 potions of mutation
 f - 7 potions of curing
 g - 2 potions of cancellation
 i - a potion of lignification {unknown}
 j - a potion of enlightenment
 p - a potion of haste
 u - 2 potions of berserk rage {unknown}

Dungeon Overview and Level Annotations

Branches:
Dungeon (8/15)             Temple (1/1) D:4           Sewer (visited)
Ossuary (visited)
   Lair: D:8-11

Altars:
Ashenzari
Dithmenos
Elyvilon
Fedhas
Gozag
Hepliaklqana
Makhleb
Nemelex Xobeh
Okawaru
Qazlal
Sif Muna
Trog
Uskayaw
Vehumet
Wu Jian
Xom
Yredelemnul
Zin
The Shining One

Annotations:
D:4 2 runed translucent doors


Message History

You hit the fire dragon but do no damage.
The kobold demonologist zaps a wand.
You easily resist.
The fire dragon bites you but does no damage.
The fire dragon claws you but does no damage.
The fire dragon tramples you.
You hold your ground!
You slice the kobold demonologist!!
You kill the kobold demonologist!
Okawaru accepts your kill.
The quasit disappears in a puff of smoke!
You barely miss the fire dragon. You block the fire dragon's attack.
The fire dragon barely misses you.
The fire dragon tramples you but does no damage.
Your base Shields skill increases to level 5!
You barely miss the fire dragon.
The fire dragon is lightly wounded.
You barely miss the shadow imp.
An orc wizard comes into view. It is wielding a +0 dagger.
The fire dragon breathes flames at you. The blast of flame hits you!
The shadow imp hits you.
You hear a shout!
7776 ||| READING scroll of teleportation.
As you read the scroll of teleportation, it crumbles to dust.
You feel strangely unstable.
An acid dragon comes into view.
The fire dragon bites you but does no damage.
The fire dragon closely misses you. The fire dragon tramples you.
You hold your ground!
The acid dragon bites you but does no damage.
The acid dragon claws you but does no damage.
You block the shadow imp's attack.
You hit the fire dragon.
The fire dragon is lightly wounded.
You hit the shadow imp but do no damage.
You hit the acid dragon. You barely miss the fire dragon.
The fire dragon is lightly wounded.
You closely miss the acid dragon. You completely miss the shadow imp.
The acid dragon spits acid at you. The splash of acid hits you!
You die...

.................
....##.##[#######
.###....#.# ...#
..#.##..# '#.# #)
.# ##.# .#.# . #.
##..# ##.# ##
#...# ...
###.###5###.#
#D.D@.....#
#.##D###.#.#
..#..o# #.#####..
#. . .#.# #. !##
.# . ## #.. .. #
#.# #.# #####
#.##..#.#K3..P#


You could see a fire dragon (catching breath), 2 acid dragons, an orc wizard and
a shadow imp.

Vanquished Creatures
  A tengu warrior (D:8)
  A kobold demonologist (D:8)
  A komodo dragon (D:7)
  Maggie (D:7)
  A wyvern (D:8)
  4 yaks (D:7)
  An orc warrior (D:8)
  A sky beast (D:8)
  A black bear (D:7)
  A centaur (D:5)
  An ogre (D:4)
  A phantom (D:5)
  Blork the orc (D:4)
  2 kobold brigands (D:5)
  3 bullfrogs
  2 scorpions
  4 water moccasin zombies (Ossuary)
  10 wights
  4 killer bees (D:7)
  A howler monkey (D:4)
  5 hounds
  4 jellies
  4 orc priests
  2 gnoll boudas
  An orc wizard (D:6)
  A hell rat (Sewer)
  2 mummies (Ossuary)
  Robin (D:3)
  13 gnolls
  3 river rats
  9 adders
  A white imp (D:6)
  2 ufetubi
  2 adder zombies (Ossuary)
  A worm (D:2)
  A dart slug (D:2)
  15 orcs
  5 bats
  6 endoplasms
  4 giant cockroaches
  2 gnoll zombies (Ossuary)
  19 goblins
  9 hobgoblins
  13 kobolds
  5 quokkas
  7 ball pythons
  4 frilled lizards
  5 hobgoblin zombies (Ossuary)
  6 kobold zombies (Ossuary)
  5 orc zombies (Ossuary)
  8 rats
207 creatures vanquished.

Notes
Turn   | Place    | Note
-------+----------+-------------------------------------------
     0 | D:1      | qw the Gargoyle Fighter began the quest for the Orb.
     0 | D:1      | Reached XP level 1. HP: 14/14 MP: 1/1
     0 | D:1      | 0 ||| qw: Version: 0.3-a-40-ge99b1a8
     0 | D:1      | 0 ||| qw: Game counter: 520
     0 | D:1      | 0 ||| qw: Melee chars always use a shield: true
     0 | D:1      | 0 ||| qw: God list: Okawaru
     0 | D:1      | 0 ||| qw: Allow faded altars: false
     0 | D:1      | 0 ||| qw: Do Orc after clearing Dungeon:15 true
     0 | D:1      | 0 ||| qw: Do second Lair branch before Depths: true
     0 | D:1      | 0 ||| qw: Lair rune preference: random
     0 | D:1      | 0 ||| qw: Goals: Normal, Zot:1-4, Slime:5, God:TSO, Crypt,
                  | Tomb, Abyss, Pan, Hells, Win
     0 | D:1      | 0 ||| PLANNING D:1-11
    69 | D:1      | Reached skill level 2 in Axes
   105 | D:1      | Reached XP level 2. HP: 16/19 MP: 2/2
   118 | D:1      | 118 ||| Stepping ~*~*~tactically~*~*~ (stealth).
   120 | D:1      | 120 ||| Stepping ~*~*~tactically~*~*~ (stealth).
   326 | D:1      | Reached skill level 3 in Axes
   419 | D:1      | 419 ||| Stepping ~*~*~tactically~*~*~ (stealth).
   454 | D:1      | Reached XP level 3. HP: 23/23 MP: 3/3
   508 | D:1      | Found a faded altar of an unknown god.
   514 | D:1      | 514 ||| UPGRADING to +0 chain mail.
   524 | D:1      | 524 ||| DROPPING +0 scale mail.
   525 | D:1      | 525 ||| UPGRADING to +0 pair of gloves.
   530 | D:1      | 530 ||| UPGRADING to +0 plate armour.
   540 | D:1      | 540 ||| DROPPING +0 chain mail.
   541 | D:1      | 541 ||| READING scroll labelled WOCWOYKONY.
   542 | D:1      | 542 ||| READING scroll labelled MIYZIJ RIRU.
   718 | D:2      | 718 ||| DROPPING +0 club.
   866 | D:2      | 866 ||| Stepping ~*~*~tactically~*~*~ (hiding).
   870 | D:2      | 870 ||| Stepping ~*~*~tactically~*~*~ (hiding).
   940 | D:2      | 940 ||| DROPPING +0 whip.
  1236 | D:2      | 1236 ||| DROPPING amulet of magic regeneration.
  1237 | D:2      | 1237 ||| READING scroll labelled ZIBLIR DASOWN.
  1241 | D:2      | 1241 ||| READING scroll labelled DOYKHO OZUITEE.
  1361 | D:3      | Reached XP level 4. HP: 28/28 MP: 4/4
  1394 | D:3      | 1394 ||| Stepping ~*~*~tactically~*~*~ (hiding).
  1463 | D:3      | Reached skill level 4 in Axes
  1493 | D:3      | 1493 ||| Stepping ~*~*~tactically~*~*~ (hiding).
  1601 | D:3      | Noticed a +0 dagger
  1601 | D:3      | Noticed a +0 hand axe
  1606 | D:3      | Found a hide-covered altar of Uskayaw.
  1709 | D:3      | Noticed Robin
  1710 | D:3      | 1710 ||| Stepping ~*~*~tactically~*~*~ (hiding).
  1721 | D:3      | Killed Robin
  1743 | D:3      | 1743 ||| FLEEEEING.
  1744 | D:3      | 1744 ||| FLEEEEING.
  1747 | D:3      | 1747 ||| FLEEEEING.
  1748 | D:3      | 1748 ||| FLEEEEING.
  1749 | D:3      | 1749 ||| FLEEEEING.
  1750 | D:3      | 1750 ||| FLEEEEING.
  1751 | D:3      | 1751 ||| FLEEEEING.
  1752 | D:3      | 1752 ||| FLEEEEING.
  1753 | D:3      | 1753 ||| FLEEEEING.
  1754 | D:3      | 1754 ||| FLEEEEING.
  1758 | D:3      | 1758 ||| FLEEEEING.
  1759 | D:3      | 1759 ||| FLEEEEING.
  1760 | D:3      | 1760 ||| FLEEEEING.
  1761 | D:3      | 1761 ||| FLEEEEING.
  1762 | D:3      | 1762 ||| FLEEEEING.
  1934 | D:3      | 1934 ||| UPGRADING to +0 helmet.
  1939 | D:3      | 1939 ||| READING scroll labelled XEMOCL YMERR.
  1940 | D:3      | 1940 ||| READING scroll labelled DYSHRE VAKLU.
  1941 | D:3      | 1941 ||| READING scroll labelled SECONO VIDEAGAL.
  1942 | D:3      | 1942 ||| READING scroll labelled SUPLIWKUAMI.
  1959 | D:4      | 1959 ||| PLANNING OSSUARY
  1994 | D:4      | Noticed Blork the orc
  2002 | D:4      | Killed Blork the orc
  2003 | D:4      | Reached skill level 5 in Axes
  2003 | D:4      | Reached XP level 5. HP: 16/32 MP: 5/5
  2071 | D:4      | Found a sand-covered staircase.
  2072 | D:4      | 2072 ||| READING scroll labelled ILEOFFU VUOL.
  2073 | D:4      | 2073 ||| DRINKING 2 murky amethyst potions.
  2073 | D:4      | Gained mutation: You expend magic power (3 MP) to
                  | strengthen your wands. [potion of mutation]
  2073 | D:4      | Gained mutation: You are partially covered in iridescent
                  | scales. (AC +2) [potion of mutation]
  2105 | D:4      | Reached XP level 6. HP: 38/38 MP: 6/6
  2111 | D:4      | 2111 ||| Stepping ~*~*~tactically~*~*~ (stealth).
  2137 | D:4      | 2137 ||| Stepping ~*~*~tactically~*~*~ (stealth).
  2138 | D:4      | 2138 ||| Stepping ~*~*~tactically~*~*~ (stealth).
  2139 | D:4      | 2139 ||| Stepping ~*~*~tactically~*~*~ (stealth).
  2184 | Ossuary  | Entered an ossuary
  2203 | Ossuary  | Reached skill level 6 in Axes
  2271 | Ossuary  | Reached XP level 7. HP: 27/43 MP: 7/7
  2474 | Ossuary  | 2474 ||| DRINKING 2 white potions.
  2475 | Ossuary  | 2475 ||| DRINKING 3 brown potions.
  2476 | Ossuary  | 2476 ||| DRINKING 3 smoky grey potions.
  2485 | D:4      | 2485 ||| PLANNING D:1-11
  2490 | D:4      | 2490 ||| Stepping ~*~*~tactically~*~*~ (stealth).
  2519 | D:4      | 2519 ||| READING scroll of enchant weapon.
  2519 | D:4      | 2519 ||| ENCHANTING +1 war axe.
  2529 | D:4      | 2529 ||| READING scroll of enchant weapon.
  2529 | D:4      | 2529 ||| ENCHANTING +2 war axe.
  2604 | D:4      | 2604 ||| Stepping ~*~*~tactically~*~*~ (stealth).
  2645 | D:4      | Found a staircase to the Ecumenical Temple.
  2646 | D:4      | 2646 ||| PLANNING TEMPLE
  2652 | Temple   | Entered the Ecumenical Temple
  2658 | Temple   | 2658 ||| PLANNING OKAWARU WORSHIP
  2689 | Temple   | Became a worshipper of Warmaster Okawaru
  2690 | Temple   | 2690 ||| PLANNING D:1-11
  2732 | D:4      | 2732 ||| Stepping ~*~*~tactically~*~*~ (hiding).
  2999 | D:4      | Found a large runed translucent door.
  3000 | D:4      | Found a large runed translucent door.
  3080 | D:4      | Reached skill level 7 in Axes
  3209 | D:4      | 3209 ||| UPGRADING to amulet of faith.
  3214 | D:4      | 3214 ||| READING scroll labelled GEKLOF KEAMI.
  3226 | D:5      | Entered Level 5 of the Dungeon
  3227 | D:5      | 3227 ||| PLANNING SEWER
  3333 | D:5      | Reached XP level 8. HP: 44/49 MP: 8/8
  3359 | D:5      | Found Zin's Purification Station.
  3363 | D:5      | Found a glowing silver altar of Zin.
  3368 | D:5      | 3368 ||| BUYING potion of curing (90 gold).
  3368 | D:5      | Bought a potion of curing for 90 gold pieces
  3470 | D:5      | 3470 ||| Stepping ~*~*~tactically~*~*~ (hiding).
  3479 | D:5      | Reached skill level 1 in Dodging
  3487 | D:5      | Reached * piety under Okawaru
  3513 | D:5      | 3513 ||| Stepping ~*~*~tactically~*~*~ (stealth).
  3532 | D:5      | Found a basalt altar of Yredelemnul.
  3577 | D:5      | Reached skill level 1 in Invocations
  3606 | D:5      | Found a stormy altar of Qazlal.
  3726 | D:5      | 3726 ||| Stepping ~*~*~tactically~*~*~ (stealth).
  3727 | D:5      | 3727 ||| Stepping ~*~*~tactically~*~*~ (stealth).
  3728 | D:5      | 3728 ||| Stepping ~*~*~tactically~*~*~ (stealth).
  3775 | D:5      | 3775 ||| READING scroll labelled AREREPU BYOPN.
  3776 | D:5      | 3776 ||| DRINKING 3 purple potions.
  3777 | D:5      | 3777 ||| READING 2 scrolls of identify.
  3777 | D:5      | 3777 ||| IDENTIFYING fuming silvery potion
  3778 | D:5      | Found a glowing drain.
  3792 | Sewer    | Entered a sewer
  3875 | Sewer    | 3875 ||| READING scroll labelled DYKLETEGOS.
  3876 | Sewer    | 3876 ||| DRINKING 2 fuming golden potions.
  3877 | Sewer    | 3877 ||| DRINKING 2 lumpy purple potions.
  3878 | Sewer    | 3878 ||| DROPPING potion of brilliance.
  3889 | D:5      | 3889 ||| PLANNING D:1-11
  4000 | D:5      | 4000 ||| Stepping ~*~*~tactically~*~*~ (stealth).
  4002 | D:5      | 4002 ||| Stepping ~*~*~tactically~*~*~ (stealth).
  4005 | D:5      | 4005 ||| Stepping ~*~*~tactically~*~*~ (stealth).
  4123 | D:6      | 4123 ||| INVOKING Heroism.
  4125 | D:6      | Reached skill level 3 in Invocations
  4140 | D:6      | 4140 ||| INVOKING Heroism.
  4142 | D:6      | Reached skill level 8 in Axes
  4260 | D:6      | 4260 ||| DROPPING +0 mace.
  4639 | D:6      | 4639 ||| INVOKING Heroism.
  4821 | D:6      | Found a blossoming altar of Fedhas.
  5293 | D:6      | 5293 ||| UPGRADING to +0 cloak.
  5298 | D:6      | 5298 ||| READING scroll labelled BYWKILL YSMORURO.
  5321 | D:7      | 5321 ||| INVOKING Heroism.
  5345 | D:7      | Found a burning altar of Makhleb.
  5372 | D:7      | Reached XP level 9. HP: 50/55 MP: 12/12
  5377 | D:7      | 5377 ||| INVOKING Heroism.
  5380 | D:7      | Reached skill level 6 in Fighting
  5534 | D:7      | 5534 ||| INVOKING Heroism.
  5915 | D:7      | 5915 ||| Stepping ~*~*~tactically~*~*~ (stealth).
  5916 | D:7      | 5916 ||| Stepping ~*~*~tactically~*~*~ (stealth).
  5940 | D:7      | 5940 ||| DROPPING +0 heavy flail.
  5942 | D:7      | 5942 ||| INVOKING Heroism.
  5951 | D:7      | Reached skill level 9 in Axes
  5955 | D:7      | Reached ** piety under Okawaru
  6008 | D:7      | 6008 ||| DROPPING +3 morningstar of freezing.
  6025 | D:7      | Noticed a komodo dragon
  6026 | D:7      | 6026 ||| INVOKING Heroism.
  6036 | D:7      | HP: 13/55 [yak (12)]
  6037 | D:7      | 6037 ||| READING 3 scrolls of teleportation.
  6038 | D:7      | HP: 6/55 [yak (8)]
  6039 | D:7      | 6039 ||| DRINKING 2 potions of heal wounds.
  6040 | D:7      | 6040 ||| DRINKING potion of heal wounds.
  6042 | D:7      | Reached skill level 6 in Armour
  6221 | D:7      | Noticed Maggie
  6226 | D:7      | 6226 ||| INVOKING Heroism.
  6233 | D:7      | Killed Maggie
  6373 | D:7      | 6373 ||| Stepping ~*~*~tactically~*~*~ (hiding).
  6386 | D:7      | 6386 ||| Stepping ~*~*~tactically~*~*~ (stealth).
  6387 | D:7      | 6387 ||| Stepping ~*~*~tactically~*~*~ (stealth).
  6502 | D:7      | 6502 ||| INVOKING Heroism.
  6579 | D:7      | 6579 ||| FLEEEEING.
  6580 | D:7      | 6580 ||| FLEEEEING.
  6582 | D:7      | 6582 ||| STAIRDANCE
  6621 | D:6      | 6621 ||| UPGRADING to ring of willpower.
  6624 | D:7      | 6624 ||| INVOKING Heroism.
  6633 | D:7      | Killed a komodo dragon
  6634 | D:7      | Reached XP level 10. HP: 63/63 MP: 11/13
  6832 | D:8      | Noticed a kobold demonologist
  6832 | D:8      | Noticed a tengu warrior
  6832 | D:8      | Noticed a cyclops
  6833 | D:8      | 6833 ||| Stepping ~*~*~tactically~*~*~ (hiding).
  6834 | D:8      | Noticed a rust devil
  6837 | D:8      | Noticed a soul eater
  6837 | D:8      | 6837 ||| INVOKING Heroism.
  6847 | D:8      | Noticed a sixfirhy
  6849 | D:8      | HP: 6/63 [tengu warrior/+2 antimagic great sword (15)]
  6850 | D:8      | 6850 ||| READING 2 scrolls of teleportation.
  7046 | D:8      | Reached skill level 10 in Axes
  7107 | D:8      | Identified the +4 ring mail of the Skies Above {rF+ Str-4
                  | Int+3 Dex+4}
  7117 | D:8      | 7117 ||| Stepping ~*~*~tactically~*~*~ (hiding).
  7120 | D:8      | 7120 ||| Stepping ~*~*~tactically~*~*~ (hiding).
  7129 | D:8      | Reached *** piety under Okawaru
  7360 | D:8      | 7360 ||| Stepping ~*~*~tactically~*~*~ (stealth).
  7362 | D:8      | 7362 ||| Stepping ~*~*~tactically~*~*~ (stealth).
  7367 | D:8      | 7367 ||| INVOKING Heroism.
  7573 | D:8      | 7573 ||| Stepping ~*~*~tactically~*~*~ (hiding).
  7584 | D:8      | 7584 ||| INVOKING Heroism.
  7590 | D:8      | Killed a tengu warrior
  7765 | D:8      | Noticed a sixfirhy
  7766 | D:8      | Noticed a fire dragon
  7767 | D:8      | 7767 ||| INVOKING Heroism.
  7774 | D:8      | Killed a kobold demonologist
  7775 | D:8      | HP: 12/65 [fire dragon (shapeshifter)/blast of flame (8)]
  7776 | D:8      | 7776 ||| READING scroll of teleportation.
  7778 | D:8      | Killed from afar by an acid dragon

Levels and vault maps discovered:
D:1:      dpeg_arrival_arbitrary_c, layout_rooms,
          dreamdust_ecumenical_altar_statues, minmay_misc_feat_ornament,
          wad_floor_pattern_1
D:2:      layout_basic
D:3:      layout_basic, dancing_weapons_uskayaw, uniq_robin
D:4:      layout_basic, jmf_multi_god_temple2, minmay_temple_entry_glassed_door,
          nicolae_ossuary_entry_monument, uniq_blork_the_orc
D:5:      cheibrodos_thug_alley, layout_basic, kennysheep_mini, zin_purify,
          yredelemnul_altar_generic, portal_sewer_entry_c
D:6:      layout_layer_cave, fedhas_altar_1
D:7:      layout_cave_pods, kennysheep_mini_moat, enter_bailey_3,
          patterned_corridor, uniq_maggie
D:8:      layout_cave_pods, minmay_shattered_shrine
Temple:   nicolae_temple_ecumenical_triangle

Skill      XL: |  1  2  3  4  5  6  7  8  9 10 |
---------------+-------------------------------+-----
Axes           | 2 3 5 6 7 8 9 10 | 10.0
Fighting       | 4 5 7 8 |  8.4
Armour         | 4 5 6 7 |  7.1
Dodging        | 1 |  1.1
Invocations    | 4 |  4.0
Shields        | 4 5 |  5.4

Action                     |  1- 3 |  4- 6 |  7- 9 | 10-12 || total
---------------------------+-------+-------+-------+-------++-------
  Melee: War axe           |    95 |   157 |   354 |    88 ||   694
 Invoke: Heroism           |       |       |    11 |     4 ||    15
    Use: Scroll            |     4 |     5 |     8 |     2 ||    19
         Potion            |       |     1 |     8 |       ||     9
 Armour: Scale mail        |    18 |       |       |       ||    18
         Plate armour      |    39 |   115 |   246 |    64 ||   464
  Dodge: Dodged            |    36 |    44 |   112 |    15 ||   207
  Block: Buckler           |    10 |    23 |    62 |    22 ||   117

Table legend:
 A = Non-vault XP
 B = Vault XP
 C = Vault XP percentage of total XP
 D = Non-vault monster count
 E = Vault monster count
 F = Vault count percentage of total count
                 A         B        C        D         E       F
            +---------+---------+-------+---------+---------+-------
      Total |    4609 |    2420 |  34.4 |     142 |      65 |  31.4
            +---------+---------+-------+---------+---------+-------
        D:1 |      34 |       0 |   0.0 |      21 |       0 |   0.0
        D:2 |      37 |       0 |   0.0 |      11 |       0 |   0.0
        D:3 |      46 |      35 |  43.2 |      15 |      11 |  42.3
        D:4 |     388 |      99 |  20.3 |      24 |       1 |   4.0
        D:5 |     496 |     229 |  31.6 |      12 |      15 |  55.6
        D:6 |     371 |       0 |   0.0 |      18 |       0 |   0.0
        D:7 |    2357 |     339 |  12.6 |      28 |       5 |  15.2
        D:8 |     880 |    1288 |  59.4 |      13 |       3 |  18.8
      Sewer |       0 |      60 | 100.0 |       0 |       4 | 100.0
    Ossuary |       0 |     370 | 100.0 |       0 |      26 | 100.0
            +---------+---------+-------+---------+---------+-------
